 Dungeon Crawl Stone Soup version 0.27.0-1-g7a089689b8 (webtiles) character file.

Game seed: 4501209694188487298

364 Gargoyl the Skirmisher (level 6, -2/53 HPs)
             Began as a Gnoll Abyssal Knight on July 31, 2021.
             Was a Believer of Lugonu.
             Killed by divine providence
             ... invoked by an orc priest
              (16 damage)
             ... on level 4 of the Dungeon.
             The game lasted 00:03:01 (2804 turns).

Gargoyl the Skirmisher (Gnoll Abyssal Knight)       Turns: 2804, Time: 00:03:02

Health: -2/53      AC: 14    Str: 13    XL:     6   Next: 67%
Magic:  9/9        EV:  7    Int: 11    God:    Lugonu [**....]
Gold:   165        SH:  0    Dex: 16    Spells: 9/9 levels left

rFire    . . .     SeeInvis .   a - +1 hand axe
rCold    . . .     Faith    .   (no shield)
rNeg     . . .     Spirit   .   c - +3 chain mail of Daisies {Dex+4}
rPois    .         Reflect  .   (no helmet)
rElec    .         Harm     .   (no cloak)
rCorr    .         Rampage  .   h - +0 pair of gloves
Will     .....                  (no boots)
Stlth    ..........             (no amulet)
HPRegen  0.17/turn              (no ring)
MPRegen  0.11/turn              (no ring)

@: very slightly contaminated, invisible
A: fangs 1, strong nose, distributed training
a: Renounce Religion, Depart the Abyss, Bend Space


You were on level 4 of the Dungeon.
You worshipped Lugonu.
Lugonu was pleased with you.
You visited 1 branch of the dungeon, and saw 4 of its levels.
You visited the Abyss 1 time.

You collected 165 gold pieces.

Inventory:

Hand Weapons
 a - a +1 hand axe (weapon)
Missiles
 j - 7 javelins (quivered)
Armour
 c - the +3 chain mail of Daisies (worn) {Dex+4}
   (You found it on level 2 of the Abyss)

   Dex:       It affects your dexterity (+4).
 h - a +0 pair of gloves (worn)
Scrolls
 e - a scroll of fog
 g - a scroll of identify
Potions
 i - a potion of might {unknown}


   Skills:
 + Level 6.8 Fighting
 + Level 2.0 Short Blades
 + Level 2.0 Long Blades
 + Level 5.0 Axes
 + Level 2.0 Maces & Flails
 + Level 2.0 Polearms
 + Level 2.0 Staves
 + Level 2.0 Slings
 + Level 2.0 Bows
 + Level 2.0 Crossbows
 + Level 2.0 Throwing
 + Level 5.0 Armour
 + Level 3.3 Dodging
 + Level 2.0 Stealth
 + Level 2.0 Shields
 + Level 2.0 Unarmed Combat
 + Level 2.0 Spellcasting
 + Level 1.6 Conjurations
 + Level 1.6 Hexes
 + Level 1.6 Summonings
 + Level 1.6 Necromancy
 + Level 1.6 Translocations
 + Level 1.6 Transmutations
 + Level 1.6 Fire Magic
 + Level 1.6 Ice Magic
 + Level 1.6 Air Magic
 + Level 1.6 Earth Magic
 + Level 1.6 Poison Magic
 + Level 5.1 Invocations
 + Level 2.0 Evocations


You had 9 spell levels left.
You didn't know any spells.
Your spell library contained the following spells:

 Spells                   Type           Power      Damage    Failure   Level
 Blink                    Tloc           N/A        N/A       99%         2
 Animate Dead             Necr           2%         N/A       100%        4
 Manifold Assault         Tloc           4%         N/A       100%        5
 Haunt                    Necr/Summ      2%         N/A       100%        7
 Storm Form               Tmut/Air       2%         N/A       100%        7
 Infestation              Necr           2%         N/A       100%        8


Dungeon Overview and Level Annotations

Branches:
Dungeon (4/15)
 Temple: D:4-7

Altars:


Innate Abilities, Weirdness & Mutations

You have very sharp teeth.
Your uncanny sense of smell can sniff out nearby items.
Your experience applies equally to all skills.


Message History

You hit the orc priest.
The orc priest hits you but does no damage.
The orc priest closely misses you.
An endoplasm comes into view.
Unknown command.
You slash the orc priest!
The orc priest is severely wounded.
You strike the helpless orc priest from behind!
You hit the orc priest but do no damage.
You hit the orc. The orc barely misses you.
The orc priest hits you but does no damage.
Unknown command.
You hit the orc priest.
You bite the orc priest, but do no damage.
The orc priest is severely wounded.
You hit the orc. The orc barely misses you.
The orc priest hits you with a +0 flail.
Unknown command.
You catch the helpless orc priest completely off-guard!
You hit the orc priest but do no damage.
The orc priest is severely wounded.
You hit the orc but do no damage. You hit the orc priest.
The orc priest invokes the aid of Beogh against you.
Pain shoots through your body! The orc hits you but does no damage.
The orc priest barely misses you.
You hit the orc priest but do no damage.
Your punch misses the orc priest.
The orc priest is severely wounded.
You hit the orc.
You strike the helpless orc priest from behind!
You hit the orc priest. The orc priest hits you with a +0 club.
The orc barely misses you.
The orc priest invokes the aid of Beogh against you.
Pain shoots through your body!
* * * LOW HITPOINT WARNING * * *
Unknown command.
You feel better.
The orc priest calls down the wrath of Beogh upon you.
Beogh smites you!
You die...

##..###..... #.##
#..## ..... #.# #.##
.. #.# ..# .. #.#
.## ..# #.##### .#
....## ##.#...##. .#
......#####.........
.##
##......)...........
.....
..>....@o...........
.####
##...$#oo...........
.#
#.....J............
.#
#....#.!........##.
.# ####.#........###
.# # ########.# ...
.. ###


You could see 2 orc priests, an orc and an endoplasm.

Vanquished Creatures
  A black bear (D:4)
  A necrophage (D:4)
  A hound (D:3)
  2 orc wizards
  3 adders
  An ufetubus (D:4)
  A worm (D:4)
  2 dart slugs
  5 orcs
  8 ball pythons
  7 endoplasms
  2 giant cockroaches
  A goblin (D:1)
  5 hobgoblins
  8 jackals
  3 quokkas
  4 bats
  5 frilled lizards (D:1)
  7 kobolds
  A quokka skeleton (D:4)
  2 rats (D:1)
70 creatures vanquished.

Vanquished Creatures (others)
  A plant (D:4)
1 creature vanquished.

Grand Total: 71 creatures vanquished

Notes
Turn   | Place    | Note
-------+----------+-------------------------------------------
     0 | Abyss:1  | Gargoyl the Gnoll Abyssal Knight began the quest for the
                  | Orb.
     0 | Abyss:1  | Reached XP level 1. HP: 23/23 MP: 3/3
     1 | Abyss:1  | Found a corrupted altar of Lugonu.
     5 | Abyss:1  | Found a corrupted altar of Lugonu.
    15 | Abyss:2  | Identified the +3 chain mail of Daisies {Dex+4}
    53 | Abyss:2  | Noticed a wretched star
    54 | D:1      | Escaped the Abyss
   143 | D:1      | Reached * piety under Lugonu
   164 | D:1      | Reached XP level 2. HP: 29/29 MP: 5/5
   274 | D:1      | Reached XP level 3. HP: 23/35 MP: 6/6
  1347 | D:3      | Reached ** piety under Lugonu
  1348 | D:3      | Reached skill level 1 in Short Blades
  1348 | D:3      | Reached skill level 1 in Long Blades
  1348 | D:3      | Reached skill level 1 in Maces & Flails
  1348 | D:3      | Reached skill level 1 in Polearms
  1348 | D:3      | Reached skill level 1 in Staves
  1348 | D:3      | Reached skill level 1 in Slings
  1348 | D:3      | Reached skill level 1 in Bows
  1348 | D:3      | Reached skill level 1 in Crossbows
  1348 | D:3      | Reached skill level 1 in Throwing
  1348 | D:3      | Reached skill level 1 in Stealth
  1348 | D:3      | Reached skill level 1 in Shields
  1348 | D:3      | Reached skill level 1 in Unarmed Combat
  1348 | D:3      | Reached skill level 1 in Spellcasting
  1348 | D:3      | Reached skill level 1 in Evocations
  1417 | D:3      | Reached XP level 4. HP: 35/41 MP: 7/7
  2009 | D:4      | Noticed a necrophage
  2010 | D:4      | Reached skill level 1 in Conjurations
  2010 | D:4      | Reached skill level 1 in Hexes
  2010 | D:4      | Reached skill level 1 in Summonings
  2010 | D:4      | Reached skill level 1 in Necromancy
  2010 | D:4      | Reached skill level 1 in Translocations
  2010 | D:4      | Reached skill level 1 in Transmutations
  2010 | D:4      | Reached skill level 1 in Fire Magic
  2010 | D:4      | Reached skill level 1 in Ice Magic
  2010 | D:4      | Reached skill level 1 in Air Magic
  2010 | D:4      | Reached skill level 1 in Earth Magic
  2010 | D:4      | Reached skill level 1 in Poison Magic
  2053 | D:3      | Reached XP level 5. HP: 46/47 MP: 8/8
  2137 | D:4      | Killed a necrophage
  2246 | D:4      | Reached skill level 5 in Invocations
  2254 | D:4      | Reached XP level 6. HP: 34/53 MP: 9/9
  2489 | D:4      | Noticed a black bear
  2510 | D:4      | Killed a black bear
  2511 | D:4      | Reached skill level 5 in Axes
  2511 | D:4      | Reached skill level 5 in Armour
  2804 | D:4      | Killed from afar by an orc priest

Illustrated notes

Levels and vault maps discovered:
D:1:      lemuel_arrival_room, layout_basic, minmay_tetromino_t4
D:2:      layout_loops_cross, shapermc_ecumenical_altar_gd
D:3:      layout_basic
D:4:      layout_rooms, corexii_shack

Skill      XL: |  1  2  3  4  5  6 |
---------------+-------------------+-----
Short Blades   | 1 2 |  2.0
Long Blades    | 1 2 |  2.0
Maces & Flails | 1 2 |  2.0
Polearms       | 1 2 |  2.0
Staves         | 1 2 |  2.0
Slings         | 1 2 |  2.0
Bows           | 1 2 |  2.0
Crossbows      | 1 2 |  2.0
Throwing       | 1 2 |  2.0
Stealth        | 1 2 |  2.0
Shields        | 1 2 |  2.0
Unarmed Combat | 1 2 |  2.0
Spellcasting   | 1 2 |  2.0
Evocations     | 1 2 |  2.0
Conjurations   | 1 |  1.6
Hexes          | 1 |  1.6
Summonings     | 1 |  1.6
Necromancy     | 1 |  1.6
Translocations | 1 |  1.6
Transmutations | 1 |  1.6
Fire Magic     | 1 |  1.6
Ice Magic      | 1 |  1.6
Air Magic      | 1 |  1.6
Earth Magic    | 1 |  1.6
Poison Magic   | 1 |  1.6
Dodging        | 3 |  3.3
Invocations    | 5 |  5.1
Axes           | 5 |  5.0
Armour         | 5 |  5.0
Fighting       | |  6.8

Action                   |  1- 3 |  4- 6 || total
-------------------------+-------+-------++-------
Melee: Hand axe          |   111 |   123 ||   234
       Bite              |     7 |    23 ||    30
       Punch             |       |     1 ||     1
Invok: Depart the Abyss  |     1 |       ||     1
  Use: Scroll            |     7 |       ||     7
       Potion            |       |     4 ||     4
 Stab: Invisible         |       |     3 ||     3
Armor: Chain mail        |   100 |   166 ||   266
Dodge: Dodged            |    48 |    77 ||   125
